 Dungeon Crawl Stone Soup version 0.31.0-9-g3a7656b989 (webtiles) character file.

Game seed: 10664727530725204363

373 Kenran the Chopper (level 6, -13/48 HPs)
             Began as an Armataur Gladiator on Feb 1, 2024.
             Mangled by an ogre
             ... wielding a +0 giant club
              (17 damage)
             ... on level 4 of the Dungeon.
             The game lasted 00:06:25 (2399 turns).

Kenran the Chopper (Armataur Gladiator)             Turns: 2399, Time: 00:06:26

Health: -13/48     AC:  8    Str: 21    XL:     6   Next: 43%
Magic:  6/6        EV:  6    Int:  8    God:
Gold:   166        SH:  0    Dex: 17    Spells: 5/5 levels left

rFire   . . .        a - +6 hand axe "Beetlebane" {heavy, *Rage rElec rN+ Dex+5}
rCold   . . .        (no shield)
rNeg    + . .        s - +0 chain mail
rPois   .            c - +0 helmet
rElec   +            (no cloak)
rCorr   .            (no gloves)
SInv    .            (no barding)
Will    .....        h - amulet of magic regeneration Stlth
                     (no ring)
HPRegen 0.28/turn    (no ring)
MPRegen 0.50/turn

%: random rage (20%), roll
@: on berserk cooldown, slowed, very slow
A: large, deformed body, tough skin 3, armoured tail, roll 1
a: no special abilities


You were on level 4 of the Dungeon.
You visited 1 branch of the dungeon, and saw 4 of its levels.

You collected 166 gold pieces.

Inventory:

Hand Weapons
 a - the +6 hand axe "Beetlebane" (weapon) {heavy, *Rage rElec rN+ Dex+5}
   (You found it on level 2 of the Dungeon)

   Dex+5:     It affects your dexterity (+5).
   rElec:     It insulates you from electricity.
   rN+:       It protects you from negative energy.
   *Rage:     It berserks you when you make melee attacks (+20% chance).
Missiles
 d - 3 throwing nets (quivered)
 e - a javelin
Armour
 c - a +0 helmet (worn)
 s - a +0 chain mail (worn)
Jewellery
 h - an amulet of magic regeneration (around neck)
 j - a ring of ice
Scrolls
 g - a scroll of amnesia {unknown}
 i - 3 scrolls of identify {unknown}
 k - a scroll of poison {unknown}
 m - 3 scrolls of fog {unknown}
 o - a scroll of torment {unknown}
Potions
 b - a potion of brilliance {unknown}
 f - 3 potions of invisibility {unknown}
 l - a potion of lignification {unknown}
 n - a potion of magic {unknown}
 p - a potion of enlightenment {unknown}
 q - a potion of curing {unknown}
 r - a potion of might {unknown}


   Skills:
 - Level 1.7 Fighting
 + Level 6.1 Axes
 - Level 1.7 Throwing
 - Level 2.1 Dodging


You had 5 spell levels left.
You didn't know any spells.
Your spell library contained the following spells:

 Spells                   Type           Power      Damage    Failure   Level
 Slow                     Hex            0%         N/A       98%         1
 Call Canine Familiar     Summ           0%         N/A       100%        3
 Confusing Touch          Hex            0%         N/A       100%        3
 Sigil of Binding         Hex            0%         N/A       100%        3
 Vampiric Draining        Necr           0%         2d6       100%        3
 Dimensional Bullseye     Hex/Tloc       0%         N/A       100%        4


Dungeon Overview and Level Annotations

Branches:
Dungeon (4/15)
 Temple: D:4-7

Altars:
Uskayaw

Shops:
D:2 *


Innate Abilities, Weirdness & Mutations

Armour fits poorly on your strangely shaped body.
You have extremely tough skin. (AC +3)
You have a long armoured tail.
You regenerate magic when rolling toward enemies. (Rampage MPRegen)


Message History

You slash the hobgoblin!
You kill the hobgoblin!
The hound barely misses you.
You hit the hound but do no damage.
The hound bites you but does no damage. x2
You completely miss the hound.
The hound bites you but does no damage. x2
You slash the hound!
The hound is heavily wounded.
You recover from your berserk rage.
The hound barely misses you.
The hound bites you but does no damage. x2
A red film seems to cover your vision as you go berserk!
You feel yourself moving faster!
You feel mighty!
You slice the hound!!
You kill the hound!
No target in view!
Things that are here:
a hound corpse; a hobgoblin corpse You feel a strong urge to attack something.
Found a book of Ice.
You feel your anger nearly subside.
You are no longer berserk.
You are exhausted.
You feel yourself slow down.
Found a bubbling blue potion.
An ogre comes into view. It is wielding a +0 giant club.
Found a scroll labelled LYTASOU QYLE.
The ogre shouts!
You slash the ogre!
The ogre is heavily wounded.
The ogre barely misses you.
The ogre hits you with a +0 giant club!!
You are too injured to fight recklessly!
You are too injured to fight recklessly!
You hit the ogre.
The ogre is heavily wounded.
The ogre hits you with a +0 giant club!!
Ouch! That really hurt!
* * * LOW HITPOINT WARNING * * *
You slash the ogre!
You tail-slap the ogre, but do no damage.
The ogre is almost dead.
The ogre hits you with a +0 giant club!
You die...

..... ......##.# ....
..######.....# # #..#
.............. #. #..#
#!##.##)..##.# #..#..#
#.#...††..†..#
#..#..###.#..#######.#
###................#
#.#
......:.###.≣≣≣≣≈≈.#
#.# #.@O...≈≈≣
≈≈.....# ######.≈≈≣
≈..#..# #.≈≈≣ ≈.###..
#O≈≈≣ .###.# #.....
.... ##..### #### .?.
....


You could see an ogre.

Vanquished Creatures
  2 scorpions (D:4)
  2 hounds (D:4)
  An orc priest (D:4)
  An orc wizard (D:4)
  5 adders
  A ribbon worm (D:2)
  14 orcs
  5 bats
  7 endoplasms
  4 giant cockroaches
  7 goblins
  4 hobgoblins
  3 jackals (D:1)
  7 kobolds
  3 quokkas
  5 ball pythons
  3 frilled lizards
  5 rats
79 creatures vanquished.

Notes
Turn   | Place    | Note
-------+----------+-------------------------------------------
     0 | D:1      | Kenran the Armataur Gladiator began the quest for the Orb.
     0 | D:1      | Reached XP level 1. HP: 17/17 MP: 1/1
   211 | D:1      | Reached XP level 2. HP: 24/24 MP: 2/2
   328 | D:1      | Reached skill level 3 in Axes
   860 | D:2      | Found Ibrinen's Assorted Antiques.
   931 | D:2      | Reached XP level 3. HP: 17/29 MP: 3/3
  1024 | D:2      | Identified the +6 hand axe "Beetlebane" {heavy, *Rage rElec
                  | rN+ Dex+5}
  1058 | D:2      | Found a hide-covered altar of Uskayaw.
  1366 | D:2      | Reached skill level 4 in Axes
  1543 | D:3      | Reached XP level 4. HP: 36/36 MP: 4/4
  2224 | D:4      | Reached XP level 5. HP: 8/41 MP: 5/5
  2226 | D:4      | Reached skill level 5 in Axes
  2325 | D:4      | Reached XP level 6. HP: 26/48 MP: 6/6
  2358 | D:4      | Reached skill level 6 in Axes
  2399 | D:4      | Mangled by an ogre

Illustrated notes

Levels and vault maps discovered:
D:1:      psy_arrival_dodecagon, layout_loops_ring, corner_web_ring,
          minmay_pentomino_r2
D:2:      layout_basic, serial_shops, shop, basic_altar,
          kennysheep_generic_room_13
D:3:      layout_basic
D:4:      layout_loops_ring, minmay_temple_entry_poolview, nicolae_tricolors

Skill      XL: |  1  2  3  4  5  6 |
---------------+-------------------+-----
Axes           | 3 4 5 6 |  6.1
Fighting       | |  1.7
Throwing       | |  1.7
Dodging        | |  2.1

Action                     |  1- 3 |  4- 6 || total
---------------------------+-------+-------++-------
  Melee: War axe           |    71 |       ||    71
         Tailslap          |     5 |     7 ||    12
         Hand axe          |    19 |    64 ||    83
         Punch             |     1 |       ||     1
   Stab: Sleeping          |     2 |       ||     2
 Armour: Leather armour    |    68 |       ||    68
         Ring mail         |     1 |    23 ||    24
         Chain mail        |       |    47 ||    47
  Dodge: Dodged            |    43 |    22 ||    65
